Map: Romanticide LE

Players

SouLeer

  • Race: Zerg Zerg
  • League: Grandmaster
  • Spawn Location: 5:00

soul - Winner!

  • Race: Terran Terran
  • League: Grandmaster
  • Spawn Location: 11:00

Event: DreamHack SC2 Masters 2020 Winter

VOD

Have the link to the VOD?

Description

Time

  • Played on: Oct. 28, 2020, 12:50 p.m.
  • Length: 10:53

All games in this series

Show
View Real Time Build Order
Export as new Build Order

SouLeer Zerg 

Build Orders: Hatch First, Muta Ling Bane 

Get SALT Encoding   

  12  0:00  Drone  
  13  0:12  Overlord  
  13  0:18  Drone  
  14  0:30  Drone  
  14  0:31  Drone  
  16  0:48  Hatchery  
  15  0:51  Drone  
  15  0:54  Drone  
  17  0:58  Drone  
  18  1:08  Extractor  
  17  1:13  Spawning Pool  
  17  1:16  Drone  
  17  1:19  Drone  
  18  1:29  Drone  
  19  1:39  Drone  
  20  1:49  Overlord  
  20  2:00  Queen x2  
  20  2:01  Zergling x4  
  26  2:12  Drone x2  
  28  2:21  Hatchery  
  27  2:23  Drone  
  27  2:26  Drone  
  29  2:34  Overlord  
  29  2:35  Drone  
  29  2:41  Metabolic Boost  
  29  2:43  Drone  
  30  2:49  Queen  
  32  2:51  Drone  
  32  2:55  Drone  
  34  2:59  Drone  
  34  3:04  Drone x2  
  37  3:12  Drone x3  
  40  3:15  Overlord  
  40  3:21  Drone  
  40  3:25  Queen  
  40  3:26  Overlord  
  43  3:31  Drone  
  44  3:36  Overlord  
  44  3:39  Drone  
  44  3:40  Queen  
  47  3:43  Zergling x6  
  47  3:47  Drone  
  47  3:48  Drone  
  52  3:55  Drone x2  
  54  3:58  Drone x3  
  54  3:59  Lair  
  57  4:03  Queen  
  57  4:06  Drone x2  
  57  4:08  Drone  
  62  4:14  Overlord  
  62  4:15  Extractor  
  61  4:17  Drone  
  61  4:18  Drone x3  
  61  4:20  Drone  
  66  4:29  Overlord  
  66  4:32  Drone  
  66  4:33  Baneling Nest  
  66  4:38  Drone, Spore Crawler  
  65  4:39  Drone x3  
  65  4:40  Spore Crawler  
  65  4:41  Drone  
  65  4:42  Drone x2  
  71  4:47  Drone x3  
  71  4:48  Overlord  
  71  4:50  Drone x3  
  77  4:53  Drone x2  
  77  4:58  Extractor  
  77  5:02  Drone x2, Extractor  
  78  5:07  Drone  
  78  5:08  Evolution Chamber x2  
  78  5:10  Drone x3  
  80  5:14  Drone  
  80  5:15  Drone x2, Centrifical Hooks  
  80  5:21  Extractor x2  
  82  5:24  Drone x2, Overlord  
  82  5:28  Overlord  
  83  5:31  Hatchery  
  83  5:33  Drone x2  
  83  5:34  Zergling x2  
  83  5:35  Zergling x4  
  87  5:36  Overlord  
  87  5:41  Overlord  
  87  5:45  Zergling x6, Overlord  
  87  5:48  Overlord  
  90  5:51  Zerg Ground Armor Level 1, Zerg Melee Weapons Level 1  
  90  5:56  Zergling x10  
  95  6:01  Zergling x2  
  95  6:02  Overlord  
  96  6:06  Zergling x2  
  96  6:10  Zergling x2  
  97  6:13  Baneling x3  
  97  6:16  Queen, Spire  
  98  6:18  Zergling x2  
  98  6:19  Zergling x2  
  98  6:21  Zergling x8  
  98  6:24  Zergling x6  
  106  6:28  Zergling x6  
  106  6:30  Hatchery  
  105  6:38  Zergling x8  
  109  6:41  Zergling x2  
  110  6:47  Zergling x2  
  110  6:48  Zergling x2  
  110  6:49  Baneling x4  
  110  6:50  Overseer  
  110  6:54  Zergling x8  
  114  6:58  Baneling x8  
  114  6:59  Baneling x7  
  114  7:00  Zergling x2  
  117  7:02  Zergling x4  
  117  7:04  Zergling x6  
  117  7:05  Baneling  
  117  7:06  Baneling x6  
  122  7:14  Zergling x6  
  125  7:16  Baneling x6  
  125  7:17  Baneling x2  
  125  7:19  Zergling x6  
  125  7:20  Zergling x4  
  129  7:26  Zergling x4  
  129  7:27  Zergling x2  
  128  7:30  Zergling x2  
  128  7:32  Zergling x4  
  128  7:36  Zergling x4  
  127  7:41  Zergling x4  
  127  7:43  Zergling x2  
  126  7:45  Zergling x2  
  126  7:46  Zergling x8  
  126  7:50  Zergling x4  
  126  7:51  Zergling x2  
  115  7:54  Zergling x4  
  115  7:57  Baneling  
  115  7:58  Baneling x7, Zergling x2  
  102  8:00  Zergling x2  
  102  8:01  Queen  
  102  8:03  Zergling x8  
  102  8:05  Zergling x2  
  108  8:10  Zergling x2  
  108  8:12  Zergling x2  
  105  8:17  Mutalisk x7  
  115  8:22  Mutalisk, Zerg Ground Armor Level 2  
  115  8:28  Zerg Flyer Weapons Level 1  
  115  8:30  Mutalisk  
  115  8:33  Mutalisk  
  117  8:34  Zergling x2  
  117  8:35  Zergling x6  
  121  8:42  Baneling x5  
  121  8:43  Baneling  
  121  8:44  Zergling x6  
  124  8:49  Hatchery  
  124  8:50  Zergling x4  
  124  8:52  Mutalisk  
  127  8:57  Zergling x6  
  127  9:02  Zergling x2  
  122  9:03  Zergling x12  
  122  9:07  Zergling x2  
  122  9:08  Mutalisk  
  116  9:16  Mutalisk  
  107  9:18  Mutalisk x2  
  107  9:21  Mutalisk x2  
  110  9:26  Mutalisk  
  110  9:29  Zergling x8  
  107  9:33  Queen  
  107  9:34  Mutalisk  
  107  9:37  Zergling x2  
  112  9:38  Baneling  
  112  9:41  Zergling x8  
  112  9:42  Hatchery  
  113  9:47  Queen  
  113  9:49  Extractor  
  113  9:50  Zergling x4  
  113  9:51  Baneling x2  
  116  9:54  Baneling x2  
  116  9:55  Baneling x2  
  116  9:56  Zergling x4  
  116  9:59  Zergling x2  
  117  10:00  Baneling  
  117  10:01  Baneling x3  
  117  10:05  Zergling x2  
  117  10:06  Zergling x6  
  117  10:10  Zergling x10  
  117  10:13  Zergling x6  
  112  10:15  Zergling x2  
  112  10:20  Zergling x2  
  108  10:25  Mutalisk x2  
  94  10:33  Zergling x2  
  94  10:34  Zergling x4  
Show
View Real Time Build Order
Export as new Build Order

soul Terran - Winner!

Build Orders: Reaper Expand 

Get SALT Encoding   

  12  0:00  SCV  
  13  0:12  SCV  
  14  0:17  Supply Depot  
  14  0:24  SCV  
  15  0:38  SCV  
  15  0:39  Barracks  
  16  0:43  Refinery  
  16  0:50  SCV  
  17  1:02  SCV  
  18  1:14  SCV  
  19  1:27  Orbital Command  
  19  1:28  Reaper  
  20  1:42  Command Center  
  20  1:51  Supply Depot  
  20  1:52  SCV  
  21  2:00  Marine  
  22  2:04  SCV  
  22  2:08  Factory  
  23  2:16  SCV  
  23  2:21  Barracks Reactor  
  24  2:28  SCV  
  25  2:41  SCV  
  25  2:42  Command Center  
  26  2:53  SCV  
  26  2:55  Orbital Command  
  27  3:04  Hellion  
  27  3:05  SCV  
  30  3:08  Hellion  
  30  3:11  Barracks Tech Lab  
  32  3:17  SCV  
  33  3:21  SCV  
  33  3:22  Barracks  
  33  3:25  Hellion  
  36  3:29  SCV, Stimpack  
  36  3:32  Marine, Hellion  
  40  3:35  SCV  
  41  3:41  SCV  
  41  3:47  SCV  
  43  3:48  Refinery  
  43  3:49  Starport  
  43  3:51  Marine  
  43  3:53  SCV  
  46  3:57  Orbital Command  
  46  3:59  SCV  
  46  4:05  SCV, Factory Tech Lab  
  46  4:06  Supply Depot  
  48  4:11  SCV  
  48  4:16  Marine  
  49  4:17  Marine, SCV  
  49  4:18  Marine  
  49  4:22  SCV  
  49  4:23  SCV  
  54  4:24  Refinery  
  54  4:25  Refinery  
  54  4:26  Starport Reactor  
  54  4:29  SCV  
  54  4:30  Supply Depot  
  53  4:34  SCV, Marine  
  53  4:36  SCV  
  53  4:37  Siege Tank, Marine  
  60  4:40  Marine  
  60  4:42  SCV  
  62  4:46  SCV  
  62  4:48  SCV  
  62  4:52  Marine  
  64  4:53  Supply Depot  
  64  4:54  SCV  
  64  4:55  Marine  
  64  4:57  Marine  
  68  5:00  SCV  
  68  5:01  Orbital Command  
  68  5:04  Medivac x2  
  68  5:05  Supply Depot  
  72  5:07  SCV  
  72  5:10  Marine  
  72  5:11  Engineering Bay  
  72  5:12  Engineering Bay  
  72  5:13  SCV, Marine  
  76  5:15  Combat Shield  
  76  5:16  Supply Depot  
  76  5:19  Marine  
  76  5:21  Supply Depot  
  77  5:25  SCV  
  77  5:28  Marine, SCV  
  79  5:32  SCV  
  79  5:35  Marine  
  81  5:37  SCV  
  81  5:40  Marine  
  81  5:41  SCV  
  81  5:42  Terran Infantry Armor Level 1, Terran Infantry Weapons Level 1  
  85  5:46  SCV, Barracks, Marine  
  85  5:49  SCV  
  88  5:51  Starport Reactor  
  88  5:53  SCV, Marine  
  88  5:55  Supply Depot, Siege Tank  
  88  5:56  Supply Depot  
  93  5:58  SCV  
  93  6:00  Marine  
  93  6:01  SCV  
  96  6:04  Marine  
  96  6:05  SCV  
  98  6:13  SCV  
  98  6:14  Barracks  
  98  6:16  Barracks  
  99  6:18  SCV  
  99  6:19  Marine x2  
  99  6:20  SCV  
  99  6:25  SCV  
  104  6:26  Marine  
  104  6:27  Siege Tank  
  104  6:30  SCV  
  104  6:31  Medivac x2  
  108  6:33  SCV  
  108  6:36  Supply Depot  
  108  6:37  Marine x3  
  108  6:38  Marine, Supply Depot  
  113  6:42  Armory  
  113  6:43  SCV  
  113  6:44  Marine  
  115  6:49  SCV, Refinery  
  115  6:51  Factory  
  116  6:54  Marine x2  
  116  6:55  Marine  
  116  6:56  Marine  
  120  7:01  Medivac x2  
  120  7:02  Marine  
  120  7:04  Barracks Reactor  
  125  7:09  Supply Depot  
  125  7:10  Supply Depot  
  125  7:11  Supply Depot, Command Center  
  125  7:12  Marine, Barracks Reactor  
  125  7:13  Supply Depot  
  126  7:18  Marine  
  126  7:22  Marine  
  128  7:23  Marine x2  
  119  7:30  Marine  
  119  7:31  Medivac  
  119  7:36  Marine  
  106  7:40  Marine x2  
  106  7:41  Marine x2  
  101  7:45  Marine, SCV x2  
  101  7:48  Marine  
  87  7:54  Marine x2  
  87  7:55  SCV  
  87  7:57  Marine  
  87  7:58  Marine x2  
  85  7:59  Marine x2, SCV x2  
  85  8:01  Medivac x2  
  85  8:03  Marine  
  93  8:06  Marine  
  93  8:08  SCV, Factory Tech Lab  
  93  8:12  Marine x2  
  95  8:15  Marine x2  
  95  8:16  Marine x3  
  95  8:18  SCV  
  100  8:21  Marine  
  100  8:23  Marine  
  102  8:28  SCV x2  
  102  8:29  Marine  
  102  8:31  Widow Mine, Medivac x2  
  113  8:34  Widow Mine  
  113  8:36  SCV  
  113  8:40  SCV x2  
  116  8:52  Widow Mine  
  116  8:54  SCV  
  121  8:55  Widow Mine  
  121  8:56  Marine  
  121  9:00  SCV  
  123  9:05  Marine x8  
  127  9:13  Widow Mine  
  127  9:14  Marine  
  124  9:17  Widow Mine  
  124  9:23  Marine x2  
  116  9:26  SCV x3  
  116  9:30  Marine x5  
  113  9:31  Marine  
  113  9:34  Planetary Fortress  
  113  9:35  Widow Mine  
  113  9:38  Widow Mine, SCV x3, Marine  
  121  9:41  Marine x2  
  124  9:47  Marine  
  124  9:48  Marine x4  
  124  9:49  Marine  
  124  9:50  SCV x3  
  130  9:56  Widow Mine  
  130  9:59  Marine  
  135  10:00  Widow Mine  
  135  10:02  Marine, SCV x3  
  135  10:04  Marine  
  135  10:07  Marine  
  137  10:12  Marine  
  137  10:13  SCV, Marine  
  128  10:14  SCV x2  
  128  10:15  Medivac  
  128  10:16  Medivac  
  128  10:18  Widow Mine  
  128  10:19  Marine x4  
  128  10:20  Marine  
  132  10:22  Marine  
  132  10:24  Marine  
  132  10:25  SCV  
  132  10:27  Widow Mine  
  133  10:30  Marine  
  133  10:31  Marine  
  133  10:33  SCV x2  
  133  10:35  Command Center  
  132  10:36  SCV  
  132  10:39  SCV  
  141  10:45  Refinery  
Tags
 
Add a new tag
Caveats
  • Supply blocks, unpowered buildings, or Contaminate may cause inaccurate times.
  • Supply counts are checked every 10 seconds.